 Dungeon Crawl Stone Soup version 0.31-a0-743-g45f7035092 (webtiles) character file.

Game seed: 7665258362281115074

79873 bmack86 the Severer (level 15, -9/119 HPs)
             Began as a Minotaur Fighter on Sept 12, 2023.
             Was the Champion of Okawaru.
             Mangled by a lorocyproca (19 damage)
             ... on level 2 of the Abyss.
             The game lasted 00:56:19 (17794 turns).

bmack86 the Severer (Minotaur Fighter)             Turns: 17794, Time: 00:56:19

Health: -9/119     AC: 20    Str: 21    XL:     15   Next: 22%
Magic:  0/13       EV:  5    Int:  1    God:    Okawaru [******]
Gold:   935        SH: 27    Dex:  7    Spells: 14/14 levels left

rFire   x x .        S - +2 broad axe (flame)
rCold   + + .        h - +10 tower shield of Ignorance {rN+ Int-4}
rNeg    + . .        B - +4 plate armour {rC+}
rPois   +            I - +2 hat
rElec   .            C - +0 cloak
rCorr   .            O - +1 pair of gloves
SInv    .            m - +2 pair of boots
Will    +....        K - amulet of regeneration Stlth
                     f - ring of flight
HPRegen 1.19/turn    P - ring "Dedi" {rPois rC+ Int+2}
MPRegen 0.13/turn

%: no passive effects
@: flying, studying Shields, unable to read
A: horns 2, retaliatory headbutt, [clumsy 2], [deformed body], [dopey 2], [frail
2], [low MP 3], ([teleportitis 2]), [weak 2], [heat vulnerability 2], [subdued
magic 3], [inability to drink after injury 2], [inability to read after injury
2]
a: Renounce Religion, Heroism, Finesse, Duel


You were on level 2 of the Abyss.
You worshipped Okawaru.
Okawaru was exalted by your worship.
You visited 4 branches of the dungeon, and saw 21 of its levels.
You visited the Abyss 1 time.
You also visited: Bailey, Gauntlet and Ice Cave.

You collected 1823 gold pieces.
You spent 888 gold pieces at shops.

Inventory:

Hand Weapons
 l - a +6 war axe of flaming
 S - a +2 broad axe of flaming (weapon)
Missiles
 o - a throwing net
 s - 37 javelins
 z - 6 curare-tipped darts
 R - 5 silver javelins
Armour
 h - the +10 tower shield of Ignorance (worn) {rN+ Int-4}
   (Okawaru gifted it to you on level 5 of the Lair of Beasts)

   Int-4:     It affects your intelligence (-4).
   rN+:       It protects you from negative energy.
 m - a +2 pair of boots (worn)
 B - a +4 plate armour of cold resistance (worn)
 C - a +0 cloak (worn)
 I - a +2 hat (worn)
 O - a +1 pair of gloves (worn)
 Q - a +1 tower shield of cold resistance
Jewellery
 f - a ring of flight (left hand)
 k - a +5 ring of evasion
 y - an amulet of the acrobat
 G - a +4 ring of protection
 K - an amulet of regeneration (around neck)
 L - a ring of resist corrosion
 P - the ring "Dedi" (right hand) {rPois rC+ Int+2}
   (You found it in an ice cave)

   [ring of protection from cold]

   Int+2:     It affects your intelligence (+2).
   rC+:       It protects you from cold.
   rPois:     It protects you from poison
Wands
 j - a wand of polymorph (8)
 v - a wand of paralysis (21) (quivered)
 x - a wand of flame (16)
 D - a wand of iceblast (17)
Scrolls
 b - 2 scrolls of identify
 c - a scroll of fear
 i - 5 scrolls of teleportation
 p - 3 scrolls of poison
 t - 6 scrolls of fog
Potions
 a - a potion of resistance
 d - 6 potions of might
 e - 6 potions of ambrosia
 g - a potion of attraction
 q - 8 potions of lignification
 u - 3 potions of haste
 w - 6 potions of curing
 A - a potion of invisibility
 E - a potion of berserk rage
 F - 2 potions of brilliance
 H - a potion of cancellation
 U - a potion of enlightenment


   Skills:
 + Level 18.1 Fighting
 + Level 18.2 Axes
 - Level 10.0 Throwing
 * Level 5.8 Armour
 + Level 15.5 Shields
 - Level 8.0 Invocations


You had 14 spell levels left.
You didn't know any spells.
Your spell library contained the following spells:

 Spells                   Type           Power      Damage    Failure   Level
 Apportation              Tloc           0%         N/A       100%        1
 Foxfire                  Conj/Fire      0%         2x1d4     100%        1
 Freeze                   Ice            0%         1d3       100%        1
 Sandblast                Erth           0%         2d4       100%        1
 Shock                    Conj/Air       0%         1d3       100%        1
 Slow                     Hex            0%         N/A       100%        1
 Jinxbite                 Hex            0%         N/A       100%        2
 Lesser Beckoning         Tloc           0%         N/A       100%        2
 Passwall                 Tmut/Erth      0%         N/A       100%        2
 Confusing Touch          Hex            0%         N/A       100%        3
 Frozen Ramparts          Ice            0%         1d1       100%        3
 Gell's Gravitas          Tloc           0%         N/A       100%        3
 Sigil of Binding         Hex            0%         N/A       100%        3
 Stone Arrow              Conj/Erth      0%         3d7       100%        3
 Swiftness                Air            0%         N/A       100%        3
 Teleport Other           Tloc           0%         N/A       100%        3
 Vampiric Draining        Necr           0%         2d6       100%        3
 Airstrike                Air            0%         2d(0-16)  100%        4
 Dimensional Bullseye     Hex/Tloc       0%         N/A       100%        4
 Iskenderun's Mystic Bla  Conj/Tloc      0%         2d3       100%        4
 Passage of Golubria      Tloc           0%         N/A       100%        4
 Petrify                  Tmut/Erth      0%         N/A       100%        4
 Alistair's Intoxication  Tmut/Pois      0%         N/A       100%        5
 Metabolic Englaciation   Hex/Ice        0%         N/A       100%        5
 Yara's Violent Unravell  Hex/Tmut       0%         3d3       100%        5
 Plasma Beam              Fire/Air       0%         2x1d10    100%        6
 Starburst                Conj/Fire      0%         6d3       100%        6
 Tukima's Dance           Hex            Unusable   N/A       N/A         3
 Summon Ice Beast         Ice/Summ       Unusable   N/A       N/A         4

Dungeon Overview and Level Annotations

Branches:
Dungeon (14/15)            Temple (1/1) D:4            Lair (5/5) D:9
  Swamp (0/4) Lair:2       Spider (0/4) Lair:3        Slime (0/5) Lair:5
    Orc (1/2) D:11         Bailey (visited)           IceCv (visited)
Gauntlet (visited)
 Vaults: D:13-14

Altars:
Ashenzari
Cheibriados
Dithmenos
Elyvilon
Fedhas
Gozag
Hepliaklqana
Kikubaaqudgha
Makhleb
Nemelex Xobeh
Okawaru
Qazlal
Ru
Sif Muna
Trog
Uskayaw
Vehumet
Wu Jian
Xom
Yredelemnul
Zin
The Shining One
Jiyva

Shops:
D:5 :   D:8 :[*=   D:10 =   D:11 (

Annotations:
Orc:1 Erolcha


Innate Abilities, Weirdness & Mutations

You have a pair of horns on your head.
You reflexively headbutt those who attack you in melee.
[You are very clumsy. (Dex -4)]
[Armour fits poorly on your strangely shaped body.]
[You are very dopey. (Int -4)]
[You are very frail. (-20% HP)]
[Your magical capacity is extremely low. (-30% MP)]
[((You are often teleported next to monsters.))]
[You are very weak. (Str -4)]
[You are very vulnerable to heat. (rF--)]
[Your spells are much easier to cast, but much less powerful.]
[You sometimes lose the ability to drink potions when taking damage.]
[You sometimes lose the ability to read scrolls when taking damage.]


Message History

You block the fire bat's attack. x3
You block the fire bat's attack. x2
The fire bat bites you but does no damage.
You block something's attack.
Deactivating autopickup; reactivate with Ctrl-A.
Unknown command.
The fire bat bites you but does no damage.
You block the fire bat's attack.
The fire bat bites you but does no damage.
Something hits you.
* * * LOW HITPOINT WARNING * * *
You feel your power leaking away.
Unknown command.
Unknown command.
You block the fire bat's attack. The fire bat completely misses you.
You furiously retaliate!
You headbutt the fire bat.
You kill the fire bat!
Okawaru accepts your kill.
You block the fire bat's attack. x2; Something hits you!
* * * LOW HITPOINT WARNING * * *
You feel your power leaking away.
You closely miss something. You headbutt something! You slash the fire bat!
You kill the fire bat!
Okawaru accepts your kill.
You slash the fire bat! You block the fire bat's attack. x2
Something hits you.
* * * LOW HITPOINT WARNING * * *
Unknown command.
You barely miss something. You slash the fire bat!
You kill the fire bat!
Okawaru accepts your kill. Something hits you!
* * * LOW HITPOINT WARNING * * *
You feel threatened and lose the ability to read scrolls!
Unknown command.
You miss something. You headbutt something! You block something's attack.
You hit something but do no damage. Something hits you.
* * * LOW HITPOINT WARNING * * *
You slash something! Your headbutt misses something. Something hits you!!
You die...

### #..## # ... ##. ..#
## .### #######.# . ##..
##'###.......# .
..........#....######
.... .. .......{........#
. . ..
.........@........# ..
...................# ..
.. #####........#....# ..
.##. .#....#..#..... † .
.. ....#. ........# .
......................# .
.. .....#............#
....∩...#.....###########
.. ... .. .


There were no monsters in sight!

Vanquished Creatures
  Gastronok (D:10)
  2 azure jellies (IceCv)
  A minotaur (Gauntlet)
  Fannar (D:10)
  7 hydras
  A catoblepas (Lair:1)
  A two-headed ogre (D:11)
  The ghost of lunkers the Martial Artist, a novice MeSh of Gozag (D:8)
  Sonja (Lair:3)
  3 wretched stars (Abyss:2)
  2 goliath frogs (Lair:5)
  Amaemon (D:11)
  A glowing orange brain (Gauntlet)
  2 skysharks
  Lodul (D:10)
  An orc knight (D:11)
  A deep elf pyromancer (D:14)
  2 orc sorcerers (Orc:1)
  3 ugly things
  A cyclops (D:10)
  6 elephants (Lair:4)
  4 black mambas
  A smoke demon (Abyss:2)
  3 ice statues (IceCv)
  A torpor snail (Lair:1)
  A gargoyle (D:11)
  32 cane toads
  2 efreet (Abyss:2)
  2 unseen horrors (D:11)
  2 orange demons
  3 rime drakes
  An ice devil (Gauntlet)
  12 komodo dragons
  A kobold demonologist (D:11)
  2 trolls
  A polar bear (Lair:2)
  26 blink frogs
  3 tyrant leeches (Lair:5)
  Prince Ribbit (D:7)
  5 dream sheep (Lair:4)
  29 slime creatures
  Sigmund (D:3)
  A shadow (D:12)
  56 yaks
  5 hogs (Lair:3)
  2 wraiths
  2 vampires
  9 wyverns
  2 humans (Lair:3)
  5 basilisks
  3 redbacks (Lair:3)
  3 fire bats (Abyss:2)
  A chaos spawn (Gauntlet)
  10 vampire mosquitoes
  A neqoxec (Gauntlet)
  A steam dragon (D:9)
  2 acid dragons (D:8)
  3 swamp worms (Lair:2)
  18 water moccasins
  13 orc warriors
  A black bear (Lair:2)
  A great orb of eyes simulacrum (IceCv)
  15 wolves
  13 ogres
  15 centaurs
  7 slime creature simulacra (IceCv)
  4 kobold brigands
  17 bullfrogs
  A gnoll sergeant (D:9)
  5 glowing shapeshifter simulacra (IceCv)
  A cane toad simulacrum (D:12)
  3 scorpions
  7 wights (D:8)
  9 killer bees
  An elephant simulacrum (D:12)
  An electric eel (Lair:4)
  7 howler monkeys
  3 jellies
  6 hounds
  3 starcursed masses (Abyss:2)
  A gnoll bouda (D:10)
  2 iron imps (Abyss:2)
  8 orc priests
  A sleepcap (D:5)
  4 iguanas
  8 orc wizards
  Natasha (thrice) (D:3)
  A shapeshifter simulacrum (IceCv)
  A troll simulacrum (D:12)
  3 spriggan simulacra (D:12)
  A wolf simulacrum (D:12)
  18 gnolls
  7 adders
  A naga simulacrum (D:12)
  4 white imps (Gauntlet)
  An ufetubus (D:5)
  5 worms
  5 dart slugs
  67 orcs
  10 endoplasms
  3 giant cockroaches (D:1)
  4 goblins
  8 hobgoblins
  A jackal (D:4)
  6 quokkas
  10 ball pythons
  5 bats
  5 frilled lizards
  25 kobolds
  7 rats
655 creatures vanquished.

Vanquished Creatures (others)
  Kirke (Lair:3)
  An unseen horror (Abyss:2)
  A basilisk (D:9)
3 creatures vanquished.

Grand Total: 658 creatures vanquished

Notes
Turn   | Place    | Note
-------+----------+-------------------------------------------
     0 | D:1      | bmack86 the Minotaur Fighter began the quest for the Orb.
     0 | D:1      | Reached XP level 1. HP: 19/19 MP: 0/0
   126 | D:1      | Reached XP level 2. HP: 26/26 MP: 1/1
   341 | D:1      | Reached XP level 3. HP: 19/31 MP: 2/2
   400 | D:1      | Found a faded altar of an unknown god.
   821 | D:2      | HP: 1/31 [worm (6)]
   823 | D:2      | Reached skill level 5 in Shields
  1344 | D:2      | Reached XP level 4. HP: 37/39 MP: 3/3
  1844 | D:3      | Noticed Sigmund
  1934 | D:3      | Killed Sigmund
  1935 | D:3      | Reached XP level 5. HP: 35/45 MP: 4/4
  2118 | D:3      | Reached XP level 6. HP: 51/51 MP: 5/5
  2160 | D:3      | Noticed Natasha
  2168 | D:3      | Killed Natasha
  2187 | D:3      | Found an ornate altar of the Wu Jian Council.
  2194 | D:3      | Noticed a spectral centipede
  2194 | D:3      | Noticed a spectral black mamba
  2194 | D:3      | Noticed a spectral cane toad
  2375 | D:3      | Found a snail-covered altar of Cheibriados.
  2384 | D:3      | Found a burning altar of Makhleb.
  2454 | D:3      | Noticed Natasha
  2460 | D:3      | Killed Natasha
  2461 | D:3      | Reached skill level 5 in Axes
  2505 | D:3      | Noticed Natasha
  2510 | D:3      | Killed Natasha
  2630 | D:4      | Found a staircase to the Ecumenical Temple.
  2636 | Temple   | Entered the Ecumenical Temple
  2657 | Temple   | Became a worshipper of Warmaster Okawaru
  3071 | D:4      | Found an ancient bone altar of Kikubaaqudgha.
  3128 | D:5      | Entered Level 5 of the Dungeon
  3158 | D:5      | Reached skill level 1 in Invocations
  3163 | D:5      | Reached XP level 7. HP: 57/57 MP: 6/6
  3257 | D:5      | Reached * piety under Okawaru
  3849 | D:5      | Found Poydwu's Vocational Training.
  4255 | D:6      | Reached XP level 8. HP: 64/64 MP: 7/9
  4492 | D:6      | Found a shimmering blue altar of Sif Muna.
  4492 | D:6      | Found a sacrificial altar of Ru.
  4492 | D:6      | Found a shimmering altar of Xom.
  4714 | D:7      | Reached ** piety under Okawaru
  4812 | D:7      | Found a flagged portal.
  4828 | Bailey   | Entered a bailey
  5024 | Bailey   | Reached XP level 9. HP: 47/70 MP: 9/11
  5112 | Bailey   | Reached skill level 10 in Axes
  5266 | Bailey   | Reached skill level 5 in Invocations
  5278 | Bailey   | Reached *** piety under Okawaru
  5300 | Bailey   | Reached skill level 10 in Shields
  5607 | D:7      | Reached **** piety under Okawaru
  5778 | D:7      | Noticed Prince Ribbit
  5788 | D:7      | Killed Prince Ribbit
  6304 | D:8      | Reached XP level 10. HP: 77/77 MP: 13/13
  6325 | D:8      | Found a runed translucent door.
  6333 | D:8      | Noticed lunkers's ghost (novice MeSh)
  6344 | D:8      | Killed lunkers's ghost
  6555 | D:8      | Found Ziajus's Book Shoppe.
  6590 | D:8      | Found Vimeuschooci's Armour Emporium.
  6695 | D:8      | Received a gift from Okawaru
  6752 | D:8      | Found Hufummy's General Store.
  6858 | D:8      | Found Nagiblug's Jewellery Boutique.
  7196 | D:8      | Bought a +4 ring of protection for 468 gold pieces
  7254 | D:9      | Reached ***** piety under Okawaru
  7304 | D:9      | Found a basalt altar of Yredelemnul.
  7499 | D:9      | Noticed a +0 hand axe
  7499 | D:9      | Noticed a +0 hand axe
  7504 | D:9      | Found a hide-covered altar of Uskayaw.
  7559 | D:9      | Found a shadowy altar of Dithmenos.
  7595 | D:9      | Received a gift from Okawaru
  7654 | D:9      | Reached skill level 15 in Axes
  7732 | D:9      | Reached XP level 11. HP: 52/82 MP: 16/16
  7844 | D:9      | Received a gift from Okawaru
  7977 | D:9      | Found a staircase to the Lair.
  8358 | D:10     | Entered Level 10 of the Dungeon
  8408 | D:10     | Noticed Gastronok
  8428 | D:10     | Killed Gastronok
  8606 | D:10     | Found Ycaxeb's Jewellery Shop.
  8653 | D:10     | Bought an amulet of regeneration for 420 gold pieces
  8761 | D:10     | Noticed Lodul
  8778 | D:10     | Killed Lodul
  8801 | D:10     | Received a gift from Okawaru
  9028 | D:10     | Noticed Fannar
  9039 | D:10     | Killed Fannar
  9039 | D:10     | Identified the +0 hat "Fyuwoguj" {Harm rF+ Str+2} (Okawaru
                  | gifted it to you on level 10 of the Dungeon)
  9039 | D:10     | Received a gift from Okawaru
  9506 | D:11     | Noticed a sixfirhy
  9550 | D:11     | Found Ajych's Weapon Shoppe.
  9553 | D:11     | Found a staircase to the Orcish Mines.
  9553 | D:11     | Noticed an orc knight
  9556 | D:11     | Noticed Amaemon
  9564 | D:11     | Killed an orc knight
  9568 | D:11     | Killed Amaemon
  9569 | D:11     | Reached skill level 1 in Throwing
  9574 | D:11     | Reached skill level 5 in Fighting
  9576 | D:11     | Noticed a purple ugly thing
  9588 | D:11     | Killed a purple ugly thing
  9663 | D:11     | You fall into a shaft and drop 3 floors!
  9678 | D:14     | Noticed a deep elf pyromancer
  9690 | D:14     | Killed a deep elf pyromancer
  9719 | D:14     | Noticed a centaur warrior
  9770 | D:12     | Reached XP level 12. HP: 96/96 MP: 17/17
 10049 | D:12     | Found a stormy altar of Qazlal.
 10178 | D:12     | Found a frozen archway.
 10194 | IceCv    | Entered an ice cave
 10336 | IceCv    | Reached ****** piety under Okawaru
 10337 | IceCv    | Reached skill level 5 in Throwing
 10349 | IceCv    | Identified the scarf of the Floral God {harm, -Cast rF+++
                  | rC- Str+4} (Okawaru gifted it to you in an ice cave)
 10349 | IceCv    | Received a gift from Okawaru
 10375 | IceCv    | Reached skill level 10 in Fighting
 10458 | IceCv    | Found a viscous altar of Jiyva.
 10458 | IceCv    | Noticed an azure jelly
 10465 | IceCv    | Killed an azure jelly
 10467 | IceCv    | Noticed an azure jelly
 10475 | IceCv    | Killed an azure jelly
 10489 | IceCv    | Got the ring "Dedi" {rPois rC+ Int+2}
 10491 | IceCv    | Got Isoan's Tome of the Iceberg
 11352 | D:11     | Noticed a two-headed ogre
 11359 | D:11     | Killed a two-headed ogre
 11360 | D:11     | Reached XP level 13. HP: 115/118 MP: 18/18
 11699 | Lair:1   | Entered Level 1 of the Lair of Beasts
 12000 | Lair:1   | Received a gift from Okawaru
 12816 | Lair:2   | Found a staircase to the Swamp.
 13633 | Lair:3   | Noticed Sonja
 13635 | Lair:3   | Noticed Kirke
 13636 | Lair:3   | Found a gate leading to a gauntlet.
 13660 | Lair:3   | Killed Kirke
 13671 | Lair:3   | Killed Sonja
 13698 | Gauntlet | Entered a Gauntlet
 13698 | Gauntlet | Found a transporter.
 13698 | Gauntlet | Found a transporter.
 13698 | Gauntlet | Found a transporter.
 13722 | Gauntlet | Found a transporter.
 13732 | Gauntlet | Found a transporter.
 13735 | Gauntlet | Found a transporter.
 13759 | Gauntlet | Found a transporter.
 13776 | Gauntlet | Found a transporter.
 13796 | Gauntlet | Found a transporter.
 13799 | Gauntlet | Found a transporter.
 13817 | Gauntlet | Found a transporter.
 13820 | Gauntlet | Found a transporter.
 13983 | Gauntlet | Identified the +7 arbalest of Ancient Evil {freeze, Will+
                  | Str-2 Int+2 Dex+3}
 14009 | Gauntlet | Received a gift from Okawaru
 14084 | Gauntlet | Noticed a minotaur
 14095 | Gauntlet | Killed a minotaur
 14102 | Gauntlet | Got the Encyclopedia of the Fairies
 14137 | Lair:3   | Found a hole to the Spider Nest.
 14277 | Lair:3   | Identified the +1 scale mail of the Enormous God {Rampage
                  | rCorr Str+2} (Okawaru gifted it to you on level 3 of the
                  | Lair of Beasts)
 14277 | Lair:3   | Received a gift from Okawaru
 14467 | Lair:3   | Reached XP level 14. HP: 128/133 MP: 19/19
 14564 | Lair:3   | Reached skill level 15 in Fighting
 16173 | Lair:5   | Entered Level 5 of the Lair of Beasts
 16363 | Lair:4   | Received a gift from Okawaru
 16455 | Lair:5   | Reached skill level 10 in Throwing
 16616 | Lair:5   | Reached skill level 15 in Shields
 16789 | Lair:5   | Received a gift from Okawaru
 16789 | Lair:5   | Found the +10 tower shield of Ignorance {rN+ Int-4}
 16865 | Lair:5   | Reached XP level 15. HP: 143/149 MP: 20/20
 17035 | Lair:5   | Found a staircase to the Slime Pits.
 17039 | Lair:5   | Found a viscous altar of Jiyva.
 17494 | Orc:1    | Entered Level 1 of the Orcish Mines
 17536 | Orc:1    | Noticed Erolcha
 17562 | Abyss:2  | Cast into level 2 of the Abyss (Erolcha)
 17617 | Abyss:2  | Reached skill level 5 in Armour
 17794 | Abyss:2  | Mangled by a lorocyproca

Illustrated notes

Levels and vault maps discovered:
D:1:      matt_arrival_grand_opening, layout_basic,
          hellmonk_ecumenical_altar_crossroads
D:2:      layout_loops_corners, kennysheep_generic_room_5
D:3:      layout_rooms, pdpol_wu_jian_five_deadly_venoms,
          mainiacjoe_overflow_swirl, uniq_natasha, uniq_sigmund
D:4:      layout_cave_pools, kennysheep_little_box, minmay_temple_entry_wispy,
          chequers_serial_rivers_marsh, minmay_cut_off
D:5:      layout_loops_corners, nicolae_shop_vocational
D:6:      layout_loops_ring, gammafunk_temple_overflow_claw
D:7:      layout_basic, enter_ossuary_2, enter_bailey_2, uniq_prince_ribbit1
D:8:      layout_gridville, serial_shops, nicolae_shop_gaudy_bauble, shop_coins,
          shop, nicolae_shop_pleasant_corner_grove, gammafunk_ghost_grave
D:9:      layout_irregular_city, yredelemnul_altar_generic,
          mainiacjoe_overflow_tiny_flanked, dancing_weapons_uskayaw,
          erik_lair_dragon, chequers_hall_statues_corner_a, minmay_misc_feat_x,
          minmay_statues_item
D:10:     layout_irregular_city, serial_shops, shop, nicolae_eternal_life,
          hangedman_glass_teeth, uniq_gastronok, uniq_lodul, uniq_fannar
D:11:     layout_irregular_city, orc_david_3, uniq_amaemon
D:12:     layout_long_grid, portal_ice_cave_entry_ice_simulacra,
          grunt_qazlal_clouds
D:13:     layout_loops_ring, erik_vaults_1
D:14:     layout_loops_ring, minmay_misc_feat_four_crosses,
          palyth_stone_intersect
Temple:   nicolae_temple_slightly_damp_pantheon
Lair:1:   layout_regular_city, st_stairs_12, cheibrodos_lair_reptile_den
Lair:2:   layout_regular_city, palyth_hydra_swamp_entry
Lair:3:   layout_cellular_growth, spider_nest_entry_a, gauntlet_entry_generic,
          lemuel_fruit_fields, uniq_kirke, uniq_sonja
Lair:4:   layout_small_grid, nicolae_lair_grazing_beasts
          [nicolae_sub_lair_graze_edge, nicolae_sub_lair_graze_edge,
          nicolae_sub_lair_graze_edge, nicolae_sub_lair_graze_edge],
          serial_bayou_shore_a
Lair:5:   minmay_lair_end_frog_pond, layout_big_grid,
          nicolae_slime_entry_field_trip
Orc:1:    layout_caves, serial_shops, shop, uniq_erolcha
Abyss:2:  base:
D:9

Skill      XL: |  1  2  3  4  5  6  7  8  9 10 11 12 13 14 15 |
---------------+----------------------------------------------+-----
Shields        | 4 5 6 7 8 9 10 12 15 | 15.5
Axes           | 3 4 5 7 9 12 15 18 | 18.2
Invocations    | 1 2 4 6 8 |  8.0
Fighting       | 6 12 14 17 18 | 18.1
Throwing       | 2 6 8 10 | 10.0
Armour         | 5 |  5.8

Action                     |  1- 3 |  4- 6 |  7- 9 | 10-12 | 13-15 || total
---------------------------+-------+-------+-------+-------+-------++-------
  Melee: War axe           |    71 |   115 |   236 |   505 |    54 ||   981
         Headbutt          |     6 |    17 |    37 |   108 |   165 ||   333
         Broad axe         |       |       |       |       |   657 ||   657
         Unarmed           |       |       |       |       |     1 ||     1
 Invoke: Heroism           |       |       |     2 |     2 |     5 ||     9
         Finesse           |       |       |       |     1 |     2 ||     3
  Evoke: Wand              |       |       |       |       |     1 ||     1
    Use: Scroll            |     2 |    12 |     8 |     7 |     7 ||    36
         Potion            |       |       |     1 |       |     2 ||     3
 Armour: Scale mail        |    59 |       |       |       |       ||    59
         Plate armour      |     4 |    74 |   165 |   326 |   660 ||  1229
  Dodge: Dodged            |    29 |    55 |   251 |   170 |   137 ||   642
  Block: Buckler           |    17 |    33 |    91 |     6 |       ||   147
         Kite shield       |       |       |       |   196 |       ||   196
         Tower shield      |       |       |       |    46 |   788 ||   834

Table legend: (Time is in decaauts)
 A = Elapsed time spent in this place.
 B = Non-inter-level travel time spent in this place.
 C = Inter-level travel time spent in this place.
 D = Time resting spent in this place.
 E = Time spent auto-exploring this place.
 F = Levels seen in this place.
 G = Mean time per level.
                   A        B        C        D        E       F      G
               +--------+--------+--------+--------+--------+-----+--------+
         Total |  17667 |  16772 |    895 |    734 |  10212 |  25 |  706.7 |
       Dungeon |  10579 |   9944 |    635 |    190 |   6774 |  14 |  755.6 |
        Temple |     42 |      2 |     40 |      0 |      0 |   1 |   42.0 |
          Lair |   5177 |   4959 |    218 |    278 |   3218 |   5 | 1035.4 |
  Orcish Mines |     64 |     64 |      0 |      0 |     11 |   1 |   64.0 |
         Abyss |    223 |    223 |      0 |     36 |     10 |   1 |  223.0 |
        Bailey |    701 |    701 |      0 |    166 |    116 |   1 |  701.0 |
      Ice Cave |    484 |    484 |      0 |     64 |     83 |   1 |  484.0 |
      Gauntlet |    393 |    393 |      0 |      0 |      0 |   1 |  393.0 |
               +--------+--------+--------+--------+--------+-----+--------+

Top non-repeatable levels by time:
  Lair:4: 1574 daAuts
     D:9: 1297 daAuts
     D:2: 1181 daAuts
    D:10: 1116 daAuts
  Lair:3: 1017 daAuts
  Lair:2: 981 daAuts
     D:8: 955 daAuts
     D:5: 903 daAuts
  Lair:1: 888 daAuts
     D:7: 849 daAuts
    D:11: 775 daAuts
    D:12: 759 daAuts
     D:1: 738 daAuts
  Lair:5: 715 daAuts
  Bailey: 701 daAuts
